TOP OF THE 1ST |
Athens Assassins batting - Pitching for Kenosha Kingfish : RHP Doug Scott
|
Pitching: RHP Doug Scott
|
|
Batting: SHB Chris Barrett
|
0-0: Ball 1-0: Foul Ball, location: 2F 1-1: Bunted foul 1-2: Ball 2-2: DOUBLE (Line Drive, 9LM)
|
Batting: LHB Jeff Thompson
|
0-0: Ground out 6-3 (Groundball, 6) Chris Barrett to third
|
Batting: RHB Foster Hapgood
|
0-0: Ball 1-0: Ball 2-0: Foul Ball, location: 2F 2-1: Ball 3-1: Base on Balls
|
Batting: LHB Milo Glenn
|
0-0: Ball 1-0: Called Strike 1-1: Ball 2-1: Foul Ball, location: 2F 2-2: Foul Ball, location: 2F 2-2: Ball 3-2: Foul Ball, location: 2F 3-2: Base on Balls Foster Hapgood to second
|
Batting: RHB Don Martin
|
0-0: Grounds into fielders choice 1-2 (Groundball, 13) Foster Hapgood to third Milo Glenn to second
|
Batting: LHB Roy Woods
|
0-0: Foul Ball, location: 2F 0-1: Ball 1-1: Ball 2-1: GRAND SLAM HOME RUN (Flyball, 9D), Distance : 377 ft
|
Batting: RHB Maximino Abbado
|
0-0: Foul Ball, location: 2F 0-1: Swinging Strike 0-2: Ball 1-2: Strikes out swinging
|
Top of the 1st over - 4 run(s), 2 hit(s), 0 error(s), 0 left on base; Athens 4 - Kenosha 0 |
BOTTOM OF THE 1ST |
Kenosha Kingfish batting - Pitching for Athens Assassins : RHP Ole Moree
|
Pitching: RHP Ole Moree
|
|
Batting: LHB Marvin Nichols
|
0-0: Ball 1-0: Ball 2-0: Ball 3-0: Base on Balls
|
Batting: RHB Alejandro Ramírez
|
0-0: Grounds into double play, 6-4-3 (Groundball, 6)
|
Batting: LHB Jon Quinn
|
0-0: Ball 1-0: Ball 2-0: Ball 3-0: Called Strike 3-1: Base on Balls
|
Batting: RHB Andrés Bustamante
|
0-0: Called Strike 0-1: Foul Ball, location: 2F 0-2: Ball 1-2: Strikes out swinging
|
Bottom of the 1st over - 0 run(s), 0 hit(s), 0 error(s), 1 left on base; Athens 4 - Kenosha 0 |
TOP OF THE 2ND |
Athens Assassins batting - Pitching for Kenosha Kingfish : RHP Doug Scott
|
Batting: RHB Jorge Loanos
|
0-0: Called Strike 0-1: Swinging Strike 0-2: Ball 1-2: Ball 2-2: SINGLE (Groundball, 56D)
|
Batting: RHB Alfonso Flores
|
0-0: Ball 1-0: Ball 2-0: Fielders Choice at 2nd, 6-4 (Groundball, 6D)
|
Batting: SHB Chris Barrett
|
0-0: Ball 1-0: Called Strike Alfonso Flores steals 2nd base 1-1: Called Strike 1-2: Ball 2-2: SINGLE (Line Drive, 34) Alfonso Flores to third
|
Batting: LHB Jeff Thompson
|
0-0: Hit by Pitch Chris Barrett to second
|
Batting: RHB Foster Hapgood
|
0-0: Ball 1-0: DOUBLE (Line Drive, 9D) Alfonso Flores scores Chris Barrett scores Jeff Thompson to third
|
Batting: LHB Milo Glenn
|
0-0: SINGLE (Line Drive, 89S) Jeff Thompson scores Foster Hapgood to third
|
Pitching: RHP Thom Kennison
|
|
Batting: RHB Don Martin
|
0-0: Ball 1-0: Called Strike Milo Glenn is caught stealing 2nd base 1-1: Foul Ball, location: 2F 1-2: Ball 2-2: Ground out 4-3 (Groundball, 4)
|
Top of the 2nd over - 3 run(s), 4 hit(s), 0 error(s), 1 left on base; Athens 7 - Kenosha 0 |
BOTTOM OF THE 2ND |
Kenosha Kingfish batting - Pitching for Athens Assassins : RHP Ole Moree
|
Batting: LHB Ernesto Meléndez
|
0-0: Fly out, F8 (Flyball, 8LD)
|
Batting: RHB Millard Ferguson
|
0-0: Foul Ball, location: 2F 0-1: Ball 1-1: Swinging Strike 1-2: SINGLE (Flyball, 3D)
|
Batting: RHB Juan Escalante
|
0-0: Grounds into double play, 5-4-3 (Groundball, 5)
|
Bottom of the 2nd over - 0 run(s), 1 hit(s), 0 error(s), 0 left on base; Athens 7 - Kenosha 0 |
TOP OF THE 3RD |
Athens Assassins batting - Pitching for Kenosha Kingfish : RHP Thom Kennison
|
Batting: LHB Roy Woods
|
0-0: Ball 1-0: Fly out, F9 (Flyball, 89M)
|
Batting: RHB Maximino Abbado
|
0-0: Called Strike 0-1: Ball 1-1: SINGLE (Groundball, 6) (infield hit)
|
Batting: RHB Jorge Loanos
|
0-0: Called Strike 0-1: Ball 1-1: Swinging Strike 1-2: Ball 2-2: Grounds into double play, 1-6-3 (Groundball, 13S)
|
Top of the 3rd over - 0 run(s), 1 hit(s), 0 error(s), 0 left on base; Athens 7 - Kenosha 0 |
BOTTOM OF THE 3RD |
Kenosha Kingfish batting - Pitching for Athens Assassins : RHP Ole Moree
|
Batting: RHB Ron Campbell
|
0-0: Ball 1-0: Ball 2-0: Ball 3-0: Called Strike 3-1: Base on Balls
|
Batting: RHB David Barker
|
0-0: Foul Ball, location: 2F 0-1: Swinging Strike 0-2: Strikes out swinging Ron Campbell steals 2nd base Batter strikes out.
|
Batting: LHB Marvin Nichols
|
0-0: Ground out 6-3 (Groundball, 6) Ron Campbell to third
|
Batting: RHB Alejandro Ramírez
|
0-0: Ball 1-0: Called Strike 1-1: Ball 2-1: Fly out, F6 (Line Drive, 6)
|
Bottom of the 3rd over - 0 run(s), 0 hit(s), 0 error(s), 1 left on base; Athens 7 - Kenosha 0 |
TOP OF THE 4TH |
Athens Assassins batting - Pitching for Kenosha Kingfish : RHP Thom Kennison
|
Batting: RHB Alfonso Flores
|
0-0: Ball 1-0: Swinging Strike 1-1: Swinging Strike 1-2: Strikes out looking
|
Batting: SHB Chris Barrett
|
0-0: Foul Ball, location: 2F 0-1: Swinging Strike 0-2: Fly out, F8 (Flyball, 78M)
|
Batting: LHB Jeff Thompson
|
0-0: Ball 1-0: Foul Ball, location: 2F 1-1: Foul Ball, location: 2F 1-2: Foul Ball, location: 2F 1-2: Ground out U3 (Groundball, 3)
|
Top of the 4th over - 0 run(s), 0 hit(s), 0 error(s), 0 left on base; Athens 7 - Kenosha 0 |
BOTTOM OF THE 4TH |
Kenosha Kingfish batting - Pitching for Athens Assassins : RHP Ole Moree
|
Batting: LHB Jon Quinn
|
0-0: Called Strike 0-1: Reached on error, E3 (Groundball, 3)
|
Batting: RHB Andrés Bustamante
|
0-0: Ball 1-0: Ball 2-0: Called Strike 2-1: Grounds into double play, 5-4-3 (Groundball, 56)
|
Batting: LHB Ernesto Meléndez
|
0-0: Foul Ball, location: 2F 0-1: Ball 1-1: Ball 2-1: Foul Ball, location: 2F 2-2: Ground out 4-3 (Groundball, 4)
|
Bottom of the 4th over - 0 run(s), 0 hit(s), 1 error(s), 0 left on base; Athens 7 - Kenosha 0 |
TOP OF THE 5TH |
Athens Assassins batting - Pitching for Kenosha Kingfish : RHP Thom Kennison
|
Batting: RHB Foster Hapgood
|
0-0: Foul Ball, location: 2F 0-1: Ball 1-1: Foul Ball, location: 2F 1-2: SINGLE (Groundball, 34S) (infield hit)
|
Batting: LHB Milo Glenn
|
0-0: Fly out, F8 (Line Drive, 78S) Lined into DP, 8-3 (Line Drive, 78S)
|
Batting: RHB Don Martin
|
0-0: Foul Ball, location: 2F 0-1: Ball 1-1: Foul Ball, location: 2F 1-2: Ball 2-2: Reached on error, E5 (Groundball, 56)
|
Batting: LHB Roy Woods
|
0-0: Ball 1-0: Ball 2-0: Called Strike 2-1: Fly out, F6 (Flyball, 56D)
|
Top of the 5th over - 0 run(s), 1 hit(s), 1 error(s), 1 left on base; Athens 7 - Kenosha 0 |
BOTTOM OF THE 5TH |
Kenosha Kingfish batting - Pitching for Athens Assassins : RHP Ole Moree
|
Batting: RHB Millard Ferguson
|
0-0: Swinging Strike 0-1: Ball 1-1: Called Strike 1-2: Foul Ball, location: 2F 1-2: Ball 2-2: Fly out, F7 (Flyball, 78D)
|
Batting: RHB Juan Escalante
|
0-0: Ball 1-0: Ball 2-0: Called Strike 2-1: Swinging Strike 2-2: Fly out, F9 (Flyball, 9LSF)
|
Batting: RHB Ron Campbell
|
0-0: Ball 1-0: Ball 2-0: Swinging Strike 2-1: Called Strike 2-2: Strikes out swinging
|
Bottom of the 5th over - 0 run(s), 0 hit(s), 0 error(s), 0 left on base; Athens 7 - Kenosha 0 |
TOP OF THE 6TH |
Athens Assassins batting - Pitching for Kenosha Kingfish : RHP Thom Kennison
|
Batting: RHB Maximino Abbado
|
0-0: Ball 1-0: Ball 2-0: Foul Ball, location: 2F 2-1: Swinging Strike 2-2: Strikes out looking
|
Batting: RHB Jorge Loanos
|
0-0: Called Strike 0-1: Ground out 6-3 (Groundball, 56)
|
Batting: RHB Alfonso Flores
|
0-0: Ball 1-0: SINGLE (Groundball, 4MD)
|
Batting: SHB Chris Barrett
|
0-0: Ball Alfonso Flores steals 2nd base 1-0: Foul Ball, location: 2F 1-1: Ball 2-1: Swinging Strike 2-2: Foul Ball, location: 2F 2-2: Fly out, F8 (Flyball, 78M)
|
Top of the 6th over - 0 run(s), 1 hit(s), 0 error(s), 1 left on base; Athens 7 - Kenosha 0 |
BOTTOM OF THE 6TH |
Kenosha Kingfish batting - Pitching for Athens Assassins : RHP Ole Moree
|
Batting: RHB David Barker
|
0-0: Called Strike 0-1: Ball 1-1: Ball 2-1: SINGLE (Line Drive, 6D)
|
Batting: LHB Marvin Nichols
|
0-0: Ball 1-0: Swinging Strike 1-1: Ball 2-1: Ball 3-1: SINGLE (Groundball, 6D) David Barker to second
|
Batting: RHB Alejandro Ramírez
|
0-0: SINGLE (Line Drive, 56) David Barker to third Marvin Nichols to second
|
Batting: LHB Jon Quinn
|
0-0: Ball 1-0: Swinging Strike 1-1: Foul Ball, location: 2F 1-2: Foul Ball, location: 2F 1-2: Grounds into double play, 4-6-3 (Groundball, 34) David Barker scores Marvin Nichols to third
|
Batting: RHB Andrés Bustamante
|
0-0: Swinging Strike 0-1: Ball 1-1: Ball 2-1: Swinging Strike 2-2: Fly out, F8 (Flyball, 8RM)
|
Bottom of the 6th over - 1 run(s), 3 hit(s), 0 error(s), 1 left on base; Athens 7 - Kenosha 1 |
TOP OF THE 7TH |
Athens Assassins batting - Pitching for Kenosha Kingfish : RHP Thom Kennison
|
Pitching: RHP Ramón Árias
|
|
Batting: LHB Jeff Thompson
|
0-0: Ball 1-0: Ball 2-0: Swinging Strike 2-1: Ball 3-1: Swinging Strike 3-2: Base on Balls
|
Batting: RHB Foster Hapgood
|
0-0: Called Strike 0-1: Called Strike 0-2: Strikes out swinging
|
Batting: LHB Milo Glenn
|
0-0: Ball 1-0: Ball 2-0: Swinging Strike 2-1: Ball 3-1: Fly out, F7 (Flyball, 7LSF)
|
Batting: RHB Don Martin
|
0-0: Ball 1-0: Ball 2-0: Foul Ball, location: 2F 2-1: Foul Ball, location: 2F 2-2: Strikes out swinging
|
Top of the 7th over - 0 run(s), 0 hit(s), 0 error(s), 1 left on base; Athens 7 - Kenosha 1 |
BOTTOM OF THE 7TH |
Kenosha Kingfish batting - Pitching for Athens Assassins : RHP Ole Moree
|
Batting: LHB Ernesto Meléndez
|
0-0: Ball 1-0: Ball 2-0: Foul Ball, location: 2F 2-1: Fly out, F7 (Flyball, 7D)
|
Batting: RHB Millard Ferguson
|
0-0: SINGLE (Line Drive, 4D)
|
Pitching: LHP Ben Newman
|
|
Batting: RHB Juan Escalante
|
0-0: Swinging Strike 0-1: Swinging Strike 0-2: Foul Ball, location: 2F 0-2: Ball 1-2: Strikes out looking
|
Batting: RHB Ron Campbell
|
0-0: Ball 1-0: SINGLE (Line Drive, 78S) Millard Ferguson to second
|
Pitching: RHP James Mantle
|
|
Batting: RHB David Barker
|
0-0: Swinging Strike 0-1: Swinging Strike 0-2: Strikes out swinging
|
Bottom of the 7th over - 0 run(s), 2 hit(s), 0 error(s), 2 left on base; Athens 7 - Kenosha 1 |
TOP OF THE 8TH |
Athens Assassins batting - Pitching for Kenosha Kingfish : RHP Ramón Árias
|
Batting: LHB Roy Woods
|
0-0: Ball 1-0: Foul Ball, location: 2F 1-1: Foul Ball, location: 2F 1-2: Strikes out swinging
|
Batting: RHB Maximino Abbado
|
0-0: Ball 1-0: Swinging Strike 1-1: Ball 2-1: Ball 3-1: Called Strike 3-2: Base on Balls
|
Batting: RHB Jorge Loanos
|
0-0: Foul Ball, location: 2F 0-1: Swinging Strike 0-2: Ball 1-2: Ball 2-2: Ball 3-2: Foul Ball, location: 2F 3-2: Strikes out looking
|
Batting: RHB Alfonso Flores
|
0-0: Ball Maximino Abbado is caught stealing 2nd base
|
Top of the 8th over - 0 run(s), 0 hit(s), 0 error(s), 0 left on base; Athens 7 - Kenosha 1 |
BOTTOM OF THE 8TH |
Kenosha Kingfish batting - Pitching for Athens Assassins : RHP James Mantle
|
Batting: LHB Marvin Nichols
|
0-0: Ground out 5-3 (Groundball, 56S)
|
Batting: RHB Alejandro Ramírez
|
0-0: Fly out, F8 (Line Drive, 8LD)
|
Batting: LHB Jon Quinn
|
0-0: Foul Ball, location: 2F 0-1: Swinging Strike 0-2: SINGLE (Line Drive, 3)
|
Batting: RHB Andrés Bustamante
|
0-0: Ball 1-0: Swinging Strike 1-1: Called Strike 1-2: Ball 2-2: Ball 3-2: Base on Balls Jon Quinn to second
|
Batting: LHB Ernesto Meléndez
|
0-0: Ball 1-0: Fly out, F8 (Flyball, 78D)
|
Bottom of the 8th over - 0 run(s), 1 hit(s), 0 error(s), 2 left on base; Athens 7 - Kenosha 1 |
TOP OF THE 9TH |
Athens Assassins batting - Pitching for Kenosha Kingfish : RHP Ramón Árias
|
Batting: RHB Alfonso Flores
|
0-0: Foul Ball, location: 2F 0-1: Fly out, F6 (Line Drive, 6MD)
|
Batting: SHB Chris Barrett
|
0-0: Ground out 1-3 (Groundball, P)
|
Batting: LHB Jeff Thompson
|
0-0: Ball 1-0: Ball 2-0: Fly out, F8 (Flyball, 8LD)
|
Top of the 9th over - 0 run(s), 0 hit(s), 0 error(s), 0 left on base; Athens 7 - Kenosha 1 |
BOTTOM OF THE 9TH |
Kenosha Kingfish batting - Pitching for Athens Assassins : RHP James Mantle
|
Now in RF: Britt Short
|
|
Batting: RHB Millard Ferguson
|
0-0: Called Strike 0-1: Swinging Strike 0-2: Foul Ball, location: 2F 0-2: Strikes out swinging
|
Batting: RHB Juan Escalante
|
0-0: Ball 1-0: SINGLE (Groundball, 6MD)
|
Batting: RHB Ron Campbell
|
0-0: Grounds into double play, 6-4-3 (Groundball, 6)
|
Bottom of the 9th over - 0 run(s), 1 hit(s), 0 error(s), 0 left on base; Athens 7 - Kenosha 1 |
|